 Dungeon Crawl Stone Soup version 0.24-a0-317-g5cb8de4 (console) character file.

Game seed: 9260559855604454439

65 Zk the Chucker (level 4, 19/32 HPs)
             Began as a Barachi Arcane Marksman on May 15, 2019.
             Quit the game on level 3 of the Dungeon on May 16, 2019.
             The game lasted 00:09:58 (3311 turns).

Zk the Chucker (Barachi Arcane Marksman)            Turns: 3311, Time: 00:09:58

Health: 19/32      AC:  2    Str: 11    XL:     4   Next: 14%
Magic:  4/6        EV: 12    Int: 14    God:
Gold:   34         SH:  0    Dex: 13    Spells: 1/5 levels left

rFire    . . .     SeeInvis .   a - +0 scimitar
rCold    + . .     Gourm    .   (no shield)
rNeg     . . .     Faith    .   l - +0 robe
rPois    .         Spirit   .   (no helmet)
rElec    .         Reflect  .   (no cloak)
rCorr    .         Harm     .   (no gloves)
MR       .....                  (no boots)
Stlth    +.........             (no amulet)
HPRegen  0.10/turn              n - ring of protection from cold
MPRegen  0.10/turn              (no ring)

@: slow
A: +LOS, swims, slowness 1, strong legs 1
a: Hop


You were on level 3 of the Dungeon.
You were hungry.

You visited 1 branch of the dungeon, and saw 3 of its levels.

You collected 34 gold pieces.

Inventory:

Hand Weapons
 a - a +0 scimitar (weapon)
 b - a +0 dagger
Missiles
 c - a javelin
 d - 2 throwing nets
 e - 23 stones (quivered)
 g - 58 arrows
 m - 18 sling bullets
Armour
 h - a +0 large shield
 l - a +0 robe (worn)
Jewellery
 n - a ring of protection from cold (left hand)
Scrolls
 p - 2 scrolls of blinking
 q - 2 scrolls of noise {unknown}
Potions
 i - a potion of heal wounds {unknown}
 j - a potion of agility {unknown}
 k - a potion of curing {unknown}
 r - 2 potions of lignification {unknown}
Comestibles
 f - 3 rations


   Skills:
 - Level 1.2 Fighting
 * Level 3.9 Throwing
 - Level 2.1 Dodging
 + Level 1.4 Spellcasting
 + Level 3.4 Hexes
 + Level 0.6 Translocations


You had one spell level left.
You knew the following spells:

 Your Spells              Type           Power        Failure   Level  Hunger
d - Corona                Hex            ##.....      6%          1    ##.....
p - Portal Projectile     Hex/Tloc       #.....       32%         3    ####...

Your spell library contained the following spells:

 Spells                   Type           Power        Failure   Level  Hunger
 Slow                     Hex            ##......     10%         2    ###....
 Inner Flame              Hex/Fire       #.......     36%         3    ####...
 Cause Fear               Hex            ##........   52%         4    #####..
 Leda's Liquefaction      Hex/Erth       #.........   77%         4    #####..


Dungeon Overview and Level Annotations

Branches:
Dungeon (3/15)

Altars:
Kikubaaqudgha

Annotations:
D:3 Robin


Innate Abilities, Weirdness & Mutations

Shadows flee at your approach. (+LOS)
You can swim through water.
You cover ground slowly.
You can hop short distances.


Message History

Unknown command.
Saving game... please wait.
Level annotation: Robin Welcome back, Zk the Barachi Arcane Marksman.
Press ? for a list of commands and other information.
Fire/throw which item? (* to show all) (? for menu, Esc to quit)
Throwing (i - inventory. (/) - cycle)
e - 23 stones (quivered)
Press: ? - help, Shift-Dir - straight line, f - Robin
Aim: Robin, wielding a +0 club, wearing a +0 animal skin and wearing a +0 helmet You throw a javelin.
The javelin pierces through the goblin.
You kill the goblin!
The javelin closely misses the goblin.
The javelin completely misses the hobgoblin.
The javelin pierces through Robin!
Robin is heavily wounded.
Robin throws the goblin at you! The goblin hits you but does no damage.
Unknown command.
Unknown command.
Unknown command.
Are you sure you want to abandon this character and quit the game? (Confirm with "yes".)

### #.. +## #.# ...#
#.#### ..g.. ### #.##.##
....gg
.....#####.#.g.####...(...
..............@(gggg(.....
#...###.#.#...####g....gg
#.##.##.## ....g.
#.##.##.# ..... #.##.##.#
...# ##.#.#.## +## ##...##
##.## #.#


You could see Robin, a hobgoblin and 4 goblins.

Vanquished Creatures
  2 adders
  An ooze (D:1)
  A dart slug (D:2)
  A leopard gecko (D:1)
  4 giant cockroaches
  12 goblins
  5 hobgoblins
  2 jackals (D:3)
  2 kobolds (D:1)
  2 bats (D:2)
  5 rats
37 creatures vanquished.

Notes
Turn   | Place    | Note
-------+----------+-------------------------------------------
     0 | D:1      | Zk the Barachi Arcane Marksman began the quest for the Orb.
     0 | D:1      | Reached XP level 1. HP: 15/15 MP: 2/2
   638 | D:1      | Reached XP level 2. HP: 21/21 MP: 1/3
  2140 | D:2      | Found an ancient bone altar of Kikubaaqudgha.
  2176 | D:2      | Reached XP level 3. HP: 26/26 MP: 4/4
  2181 | D:2      | Learned a level 3 spell: Portal Projectile
  3306 | D:3      | Noticed Robin
  3307 | D:3      | Reached XP level 4. HP: 19/32 MP: 4/6
  3310 | D:3      | Upgraded the game from 0.24-a0-280-g7cec4da to
                  | 0.24-a0-317-g5cb8de4
  3311 | D:3      | Quit the game

Levels and vault maps discovered:
D:1:      dpeg_arrival_more_subterranean_lakeside_camping, layout_basic
D:2:      layout_basic, overflow_temple_1_default, minmay_crystal_room,
          minmay_unequal
D:3:      layout_loops_corners, lemuel_doored_altar,
          chequers_temple_overflow_minitemple, first_ration, wad_orctagon,
          uniq_ijyb, uniq_robin

Skill      XL: |  1  2 |
---------------+-------+-----
Throwing       | 3 |  3.9
Fighting       | |  1.2
Dodging        | |  2.1
Spellcasting   | |  1.4
Hexes          | |  3.4
Translocations | |  0.6

Action                   |  1- 3 |  4- 6 || total
-------------------------+-------+-------++-------
Melee: Unarmed           |    27 |       ||    27
       Dagger            |   113 |       ||   113
       Scimitar          |     1 |       ||     1
Throw: Javelin           |    11 |     3 ||    14
       Stone             |    33 |       ||    33
 Cast: Corona            |    26 |       ||    26
       Portal Projectile |     1 |       ||     1
  Use: Scroll            |     3 |       ||     3
 Stab: Sleeping          |     1 |       ||     1
  Eat: Chunk             |     9 |       ||     9
Armor: Robe              |    38 |     1 ||    39
Dodge: Dodged            |   104 |       ||   104
       Rpst.: Scimitar   |     9 |       ||     9

Table legend:
 A = Non-vault XP
 B = Vault XP
 C = Vault XP percentage of total XP
 D = Non-vault monster count
 E = Vault monster count
 F = Vault count percentage of total count
                 A         B        C        D         E       F
            +---------+---------+-------+---------+---------+-------
      Total |      66 |      28 |  29.8 |      28 |       9 |  24.3
            +---------+---------+-------+---------+---------+-------
        D:1 |      35 |       1 |   2.8 |      17 |       1 |   5.6
        D:2 |      12 |      15 |  55.6 |       7 |       2 |  22.2
        D:3 |      19 |      12 |  38.7 |       4 |       6 |  60.0
            +---------+---------+-------+---------+---------+-------
